Oilers vs Whalers

Created - 29 décembre 2017 at 09:05

Goals
1 2 3 T
Oilers 2 0 3 5
Whalers 0 1 0 1
Shots
1 2 3 T
Oilers 8 11 17 36
Whalers 9 21 8 38

1st period

1. Oilers , Corey Perry 11 (Ryan Johansen 16, Mikael Backlund 23) at 14:30
2. Oilers , Ryan Johansen 15 (Justin Abdelkader 9, Aaron Ekblad 8) at 19:29

Penalties :
Ryan Callahan (HAR) for Hooking (Minor) at 0:43, Corey Perry (EDM) for Delaying the game (Minor) at 5:41, Scott Hartnell (HAR) for Hooking (Minor) at 9:18

2nd period

3. Whalers , Phil Kessel 10 (Dustin Byfuglien 24) at 9:19

Penalties :
Scott Hartnell (HAR) for High sticking (Minor) at 1:10, Ryan Johansen (EDM) for Tripping (Minor) at 13:17

3rd period

4. Oilers , Ryan Johansen 16 (Mikael Backlund 24) at 1:29 (SH)
5. Oilers , Ryan Johansen 17 (Mikael Backlund 25) at 1:38 (SH)
6. Oilers , Jordan Eberle 15 (Pierre-Alexandre Parenteau 10, Marco Scandella 4) at 14:31

Penalties :
Sonny Milano (EDM) for Hooking (Minor) at 0:59, Ryan Callahan (HAR) for Hooking (Minor) at 6:13

Goalie Stats

Thomas Greiss (EDM), 37 saves from 38 shots - (0,974), W, 16-9-4, 60:00 minutes
Connor Hellebuyck (HAR), 31 saves from 36 shots - (0,861), L, 13-16-3, 60:00 minutes

Players Stats for Oilers

Player Name              G  A  P  +/- PIM S  H  SB GA TA FO     MP     PP MP  PK MP  
------------------------------------------------------------------------------------
Aaron Ekblad             0  1  1   4  0   2  2  0  0  1  0/0    27:04   4:34   3:40 
Cameron Gaunce           0  0  0   0  0   0  0  0  0  0  0/0     2:42   0:00   0:04 
Chris Kelly              0  0  0   0  0   1  1  1  0  1  2/2     6:53   0:02   0:24 
Corey Perry              1  0  1   2  2   6  1  0  0  0  1/2    19:39   4:11   0:30 
Jordan Eberle            1  0  1   0  0   7  1  0  0  0  1/1    18:51   3:43   1:07 
Justin Abdelkader        0  1  1   2  0   1  2  0  1  0  0/3    19:01   4:11   0:19 
Kyle Quincey             0  0  0   0  0   2  0  0  0  0  0/0    20:03   3:22   2:13 
Marco Scandella          0  1  1   0  0   1  0  2  0  1  0/0    20:03   3:22   2:13 
Mikael Backlund          0  3  3   2  0   5  5  1  1  0  6/14   25:30   3:43   3:31 
Nico Hischier            0  0  0   0  0   0  0  0  1  0  0/2    11:15   0:02   1:20 
Pierre-Alexandre Parente 0  1  1   0  0   1  0  0  0  1  1/1    17:55   3:43   0:00 
Ryan Johansen            3  1  4   4  2   8  1  0  0  0  27/38  26:27   4:11   2:32 
Seth Jones               0  0  0   4  0   0  2  1  0  1  0/0    29:14   4:34   3:40 
Sonny Milano             0  0  0   0  2   0  1  0  0  0  1/2    10:05   0:02   1:11 
Tyler Motte              0  0  0   0  0   0  0  0  0  1  0/0     9:42   0:00   1:00 
Vernon Fiddler           0  0  0   0  0   1  0  1  1  0  3/4     8:42   0:00   0:00 
Vince Dunn               0  0  0   0  0   1  0  0  0  0  0/0    10:43   0:00   0:04 
Zbynek Michalek          0  0  0   0  0   0  0  0  0  0  0/0    10:11   0:00   0:00 

Players Stats for Whalers

Player Name              G  A  P  +/- PIM S  H  SB GA TA FO     MP     PP MP  PK MP  
------------------------------------------------------------------------------------
Austin Watson            0  0  0  -1  0   1  2  1  0  0  3/9    16:24   2:17   0:00 
BROCK BOESER             0  0  0  -1  0   5  0  1  1  0  0/0    18:52   2:19   2:24 
Brooks Orpik             0  0  0  -2  0   2  1  0  0  1  0/0    21:00   2:24   3:20 
Byron Froese             0  0  0  -1  0   0  0  0  0  0  0/0     5:56   0:00   0:00 
Dennis Wideman           0  0  0  -2  0   0  0  2  0  0  0/0    21:00   2:24   3:20 
Derek Stepan             0  0  0  -2  0   4  0  1  0  0  13/31  21:59   3:38   4:19 
Drake Caggiula           0  0  0  -1  0   2  0  1  0  0  0/0     7:26   0:00   1:12 
Dustin Byfuglien         0  1  1  -2  0   3  2  1  1  0  0/0    28:44   3:33   4:36 
Jaycob Megna             0  0  0   0  0   0  2  0  0  0  0/0    10:16   0:00   0:00 
Jonny Brodzinski         0  0  0   0  0   2  0  0  1  1  2/10   13:20   0:00   1:20 
Kris Russell             0  0  0  -2  0   1  1  2  0  1  0/0    28:44   3:33   4:36 
Kris Versteeg            0  0  0  -2  0   3  2  0  0  0  3/5    19:59   3:38   2:24 
Lance Bouma              0  0  0  -1  0   0  1  0  0  0  1/2     5:56   0:00   0:00 
Loui Eriksson            0  0  0  -1  0   5  0  0  0  0  0/1    16:28   2:19   0:00 
Phil Kessel              1  0  1  -2  0   2  1  0  3  1  4/9    22:01   3:38   4:13 
Ryan Callahan            0  0  0   0  4   2  1  1  0  0  0/1    11:55   0:00   0:00 
Ryan Pulock              0  0  0   0  0   2  0  0  0  0  0/0    10:16   0:00   0:00 
Scott Hartnell           0  0  0   0  4   4  0  1  0  0  1/1    11:44   0:02   0:00 

3 Stars

1 - Ryan Johansen (EDM)
2 - Thomas Greiss (EDM)
3 - Mikael Backlund (EDM)

Power Play

Oilers - 0 on 4 Attempt(s) - 0,00%
Whalers - 0 on 3 Attempt(s) - 0,00%

Penalty Kill

Oilers - 3 on 3 Attempt(s) - 100,00% - Score 2 goal in Penalty Kill
Whalers - 4 on 4 Attempt(s) - 100,00% - Score 0 goal in Penalty Kill

Team Stat

Oilers - Hits : 16 - Faceoff Wins : 42 - Blocked Shots : 6 - Penalty Minutes : 6
Whalers - Hits : 13 - Faceoff Wins : 27 - Blocked Shots : 11 - Penalty Minutes : 8

Official

Referees : Brad Meier and TJ Luxmore
Linesman : Mark Shewchyk and Tim Nowak

Game Notes

Ryan Johansen has scored a Hat Trick!

Finance

Level 1 -- Attendance: 6000 (100,00%) -- Ticket Income 450 000 $
Level 2 -- Attendance: 3507 (70,14%) -- Ticket Income 227 955 $
Level 3 -- Attendance: 1231 (61,55%) -- Ticket Income 55 395 $
Level 4 -- Attendance: 1959 (48,98%) -- Ticket Income 68 565 $
Luxury Box -- Attendance: 1000 (100,00%) -- Ticket Income 125 000 $
Game was played at the The Fishbowl.
Total Attendance: 13697 (76,09%)
Total Ticket Income: 926 915 $
Other Income: 454 188 $
Total Income: 1 381 103 $

Oilers

5 vs 5 Forward 
   Center                   Left Wing                Right Wing               Time % Phy DF OF 
 1 Ryan Johansen            Justin Abdelkader        Corey Perry              40     1   2  2  
 2 Mikael Backlund          Pierre-Alexandre ParenteaJordan Eberle            30     1   2  2  
 3 Nico Hischier            Sonny Milano             Ryan Johansen            20     1   2  2  
 4 Vernon Fiddler           Tyler Motte              Mikael Backlund          10     1   2  2  

5 vs 5 Defense 
   Defense                  Defense                                           Time % Phy DF OF 
 1 Seth Jones               Aaron Ekblad                                      40     1   2  2  
 2 Kyle Quincey             Marco Scandella                                   30     1   2  2  
 3 Zbynek Michalek          Vince Dunn                                        20     1   2  2  
 4 Cameron Gaunce           Seth Jones                                        10     1   2  2  

PowerPlay Forward 
   Center                   Left Wing                Right Wing               Time % Phy DF OF 
 1 Ryan Johansen            Justin Abdelkader        Corey Perry              60     1   2  2  
 2 Mikael Backlund          Pierre-Alexandre ParenteaJordan Eberle            40     1   2  2  

PowerPlay Defense
   Defense                  Defense                                           Time % Phy DF OF 
 1 Seth Jones               Aaron Ekblad                                      60     1   2  2  
 2 Kyle Quincey             Marco Scandella                                   40     1   2  2  

Penalty Kill 4 Players Forward 
   Center                   Wing                     Time % Phy DF OF 
 1 Ryan Johansen            Mikael Backlund          60     1   2  2  
 2 Corey Perry              Jordan Eberle            40     1   2  2  

Penalty Kill 4 Players Defense
   Defense                  Defense                  Time % Phy DF OF 
 1 Seth Jones               Aaron Ekblad             60     1   2  2  
 2 Kyle Quincey             Marco Scandella          40     1   2  2  

Penalty Kill - 3 Players Forward 
   Forward                                           Time % Phy DF OF 
 1 Ryan Johansen                                     60     1   2  2  
 2 Mikael Backlund                                   40     1   2  2  

Penalty Kill - 3 Players Defense
   Defense                  Defense                  Time % Phy DF OF 
 1 Seth Jones               Aaron Ekblad             60     1   2  2  
 2 Kyle Quincey             Marco Scandella          40     1   2  2  

4 vs 4 Forward 
   Center                   Wing                     Time % Phy DF OF 
 1 Ryan Johansen            Mikael Backlund          60     1   2  2  
 2 Corey Perry              Jordan Eberle            40     1   2  2  

4 vs 4 Defense
   Defense                  Defense                  Time % Phy DF OF 
 1 Seth Jones               Aaron Ekblad             60     1   2  2  
 2 Kyle Quincey             Marco Scandella          40     1   2  2  

Last Minutes Offensive
   Center                   Left Wing                Right Wing               Defense                  Defense                  
   Ryan Johansen            Justin Abdelkader        Corey Perry              Seth Jones               Aaron Ekblad             

Last Minutes Defensive
   Center                   Left Wing                Right Wing               Defense                  Defense                  
   Ryan Johansen            Justin Abdelkader        Corey Perry              Seth Jones               Aaron Ekblad             

Goaltenders
Starting : Thomas Greiss            
Backup : Antti Niemi              

Extra Forwards
Normal : Chris Kelly, Nico Hischier, Sonny Milano - PP : Chris Kelly, Nico Hischier - PK : Sonny Milano
Extra Defensemen
Normal : Zbynek Michalek, Vince Dunn, Cameron Gaunce - PP : Zbynek Michalek - PK : Vince Dunn, Cameron Gaunce
Penalty Shots
Ryan Johansen, Mikael Backlund, Corey Perry, Jordan Eberle, Justin Abdelkader
Custom OT Lines Forwards
Ryan Johansen, Mikael Backlund, Corey Perry, Jordan Eberle, Justin Abdelkader, Nico Hischier, Pierre-Alexandre Parenteau, Sonny Milano, Vernon Fiddler, Chris Kelly
Custom OT Lines Defensemen
Seth Jones, Aaron Ekblad, Kyle Quincey, Marco Scandella, Zbynek Michalek

Scratches
Connor McDavid (Healthy), Marc-Edouard Vlasic (Healthy), Zach Palmquist (Healthy)

Whalers

5 vs 5 Forward 
   Center                   Left Wing                Right Wing               Time % Phy DF OF 
 1 Derek Stepan             Kris Versteeg            Phil Kessel              40     0   1  4  
 2 Austin Watson            Loui Eriksson            BROCK BOESER             30     0   1  4  
 3 Jonny Brodzinski         Scott Hartnell           Ryan Callahan            25     1   2  2  
 4 Lance Bouma              Drake Caggiula           Byron Froese             5      0   1  2  

5 vs 5 Defense 
   Defense                  Defense                                           Time % Phy DF OF 
 1 Dustin Byfuglien         Kris Russell                                      40     0   2  3  
 2 Brooks Orpik             Dennis Wideman                                    30     1   2  2  
 3 Ryan Pulock              Jaycob Megna                                      20     1   2  2  
 4 Dustin Byfuglien         Kris Russell                                      10     1   2  2  

PowerPlay Forward 
   Center                   Left Wing                Right Wing               Time % Phy DF OF 
 1 Derek Stepan             Kris Versteeg            Phil Kessel              60     0   1  4  
 2 Austin Watson            Loui Eriksson            BROCK BOESER             40     0   2  3  

PowerPlay Defense
   Defense                  Defense                                           Time % Phy DF OF 
 1 Dustin Byfuglien         Kris Russell                                      60     0   2  3  
 2 Brooks Orpik             Dennis Wideman                                    40     0   2  3  

Penalty Kill 4 Players Forward 
   Center                   Wing                     Time % Phy DF OF 
 1 Phil Kessel              Derek Stepan             60     1   2  2  
 2 BROCK BOESER             Kris Versteeg            40     1   2  2  

Penalty Kill 4 Players Defense
   Defense                  Defense                  Time % Phy DF OF 
 1 Dustin Byfuglien         Kris Russell             60     1   2  2  
 2 Brooks Orpik             Dennis Wideman           40     1   2  2  

Penalty Kill - 3 Players Forward 
   Forward                                           Time % Phy DF OF 
 1 Phil Kessel                                       60     0   3  2  
 2 Derek Stepan                                      40     0   3  2  

Penalty Kill - 3 Players Defense
   Defense                  Defense                  Time % Phy DF OF 
 1 Dustin Byfuglien         Kris Russell             60     1   2  2  
 2 Brooks Orpik             Dennis Wideman           40     1   2  2  

4 vs 4 Forward 
   Center                   Wing                     Time % Phy DF OF 
 1 Phil Kessel              Derek Stepan             60     0   2  3  
 2 BROCK BOESER             Kris Versteeg            40     0   2  3  

4 vs 4 Defense
   Defense                  Defense                  Time % Phy DF OF 
 1 Dustin Byfuglien         Kris Russell             60     1   2  2  
 2 Brooks Orpik             Dennis Wideman           40     1   2  2  

Last Minutes Offensive
   Center                   Left Wing                Right Wing               Defense                  Defense                  
   Derek Stepan             Kris Versteeg            Phil Kessel              Dustin Byfuglien         Kris Russell             

Last Minutes Defensive
   Center                   Left Wing                Right Wing               Defense                  Defense                  
   Derek Stepan             Kris Versteeg            Phil Kessel              Dustin Byfuglien         Kris Russell             

Goaltenders
Starting : Connor Hellebuyck        
Backup : Louis Domingue           

Extra Forwards
Normal : Scott Hartnell, Ryan Callahan, Jonny Brodzinski - PP : Scott Hartnell, Ryan Callahan - PK : Jonny Brodzinski
Extra Defensemen
Normal : Ryan Pulock, Jaycob Megna, Brooks Orpik - PP : Ryan Pulock - PK : Jaycob Megna, Brooks Orpik
Penalty Shots
Dustin Byfuglien, Phil Kessel, Derek Stepan, BROCK BOESER, Kris Versteeg
Custom OT Lines Forwards
Dustin Byfuglien, Phil Kessel, Derek Stepan, BROCK BOESER, Kris Versteeg, Loui Eriksson, Scott Hartnell, Ryan Callahan, Austin Watson, Jonny Brodzinski
Custom OT Lines Defensemen
Dustin Byfuglien, Kris Russell, Brooks Orpik, Dennis Wideman, Ryan Pulock

Scratches
Nic Dowd (Healthy), Mark Barberio (Healthy)

% Time on Ice - Oilers

Lines # - Real PCT - Wanted PCT - Time Play
Normal Forward
1 - 32% - 40% - 14:57
2 - 30% - 30% - 14:01
3 - 18% - 20% - 8:27
4 - 19% - 10% - 8:42
Normal Defense
1 - 42% - 40% - 19:18
2 - 31% - 30% - 14:28
3 - 22% - 20% - 10:11
4 - 5% - 10% - 2:10
PP Forward
1 - 53% - 60% - 4:13
2 - 47% - 40% - 3:43
PP Defense
1 - 58% - 60% - 4:34
2 - 42% - 40% - 3:22
PK Forward
1 - 81% - 60% - 4:50
2 - 19% - 40% - 1:07
PK Defense
1 - 63% - 60% - 3:44
2 - 37% - 40% - 2:13
PK3 Forward
1 - 0% - 60%
2 - 0% - 40%
PK3 Defense
1 - 0% - 60%
2 - 0% - 40%
44 Forward
1 - 0% - 60%
2 - 0% - 40%
44 Defense
1 - 0% - 60%
2 - 0% - 40%
Last Minute Offensive  - 0:00
Last Minute Defensive  - 0:00
Total
Forward - 60:00
Defense - 60:00

% Time on Ice - Whalers

Lines # - Real PCT - Wanted PCT - Time Play
Normal Forward
1 - 31% - 40% - 14:28
2 - 31% - 30% - 14:09
3 - 25% - 25% - 11:34
4 - 13% - 5% - 5:56
Normal Defense
1 - 42% - 40% - 19:13
2 - 33% - 30% - 15:16
3 - 22% - 20% - 10:16
4 - 3% - 10% - 1:22
PP Forward
1 - 61% - 60% - 3:38
2 - 39% - 40% - 2:19
PP Defense
1 - 60% - 60% - 3:33
2 - 40% - 40% - 2:24
PK Forward
1 - 70% - 60% - 5:32
2 - 30% - 40% - 2:24
PK Defense
1 - 58% - 60% - 4:36
2 - 42% - 40% - 3:20
PK3 Forward
1 - 0% - 60%
2 - 0% - 40%
PK3 Defense
1 - 0% - 60%
2 - 0% - 40%
44 Forward
1 - 0% - 60%
2 - 0% - 40%
44 Defense
1 - 0% - 60%
2 - 0% - 40%
Last Minute Offensive  - 0:00
Last Minute Defensive  - 0:00
Total
Forward - 60:00
Defense - 60:00

Play by Play

1st period


0:01 of 1st period - Derek Stepan wins face-off versus Ryan Johansen in neutral zone.
0:13 of 1st period - Snap shot by Corey Perry.
0:13 of 1st period - Shot Blocked by Derek Stepan.
0:43 of 1st period - Minor Penalty to Ryan Callahan for Hooking.
0:44 of 1st period - Ryan Johansen wins face-off versus Phil Kessel in Whalers zone.
1:09 of 1st period - Aaron Ekblad is hit by Kris Versteeg and loses puck.
1:38 of 1st period - Kris Russell is hit by Justin Abdelkader and loses puck.
2:43 of 1st period - Penalty to Ryan Callahan is over, Ryan Callahan is back on ice.
2:51 of 1st period - Jonny Brodzinski is hit by Chris Kelly and loses puck.
4:58 of 1st period - BROCK BOESER is hit by Aaron Ekblad and loses puck.
5:41 of 1st period - Minor Penalty to Corey Perry for Delaying the game.
5:42 of 1st period - Ryan Johansen wins face-off versus Derek Stepan in Oilers zone.
6:08 of 1st period - Ryan Johansen is hit by Austin Watson and loses puck.
7:30 of 1st period - Phil Kessel is hit by Mikael Backlund and loses puck.
7:41 of 1st period - Penalty to Corey Perry is over, Corey Perry is back on ice.
7:57 of 1st period - Slapshot by Justin Abdelkader.
7:57 of 1st period - Stopped by Connor Hellebuyck with a rebound.
8:09 of 1st period - Backhand shot by Scott Hartnell.
8:09 of 1st period - Shot Misses the Net.
8:11 of 1st period - Slapshot by Brooks Orpik.
8:11 of 1st period - Stopped by Thomas Greiss with a rebound.
8:43 of 1st period - Off-side.
8:44 of 1st period - Austin Watson wins face-off versus Vernon Fiddler in neutral zone.
9:11 of 1st period - Jonny Brodzinski is hit by Sonny Milano and loses puck.
9:18 of 1st period - Minor Penalty to Scott Hartnell for Hooking.
9:19 of 1st period - Ryan Johansen wins face-off versus Phil Kessel in Whalers zone.
9:24 of 1st period - Snap shot by Corey Perry.
9:24 of 1st period - Shot Misses the Net.
9:26 of 1st period - Wrist shot by Corey Perry.
9:26 of 1st period - Stopped by Connor Hellebuyck without a rebound.
9:27 of 1st period - Ryan Johansen wins face-off versus Phil Kessel in Whalers zone.
11:18 of 1st period - Penalty to Scott Hartnell is over, Scott Hartnell is back on ice.
11:35 of 1st period - Snap shot by BROCK BOESER.
11:35 of 1st period - Shot Blocked by Marco Scandella.
11:37 of 1st period - Slapshot by Austin Watson.
11:37 of 1st period - Shot Blocked by Chris Kelly.
11:49 of 1st period - Wrist shot by Byron Froese.
11:49 of 1st period - Deflect By Drake Caggiula.
11:49 of 1st period - Shot Misses the Net.
11:49 of 1st period - Puck is out of play.
11:50 of 1st period - Vernon Fiddler wins face-off versus Lance Bouma in Oilers zone.
11:54 of 1st period - Off-side.
11:55 of 1st period - Vernon Fiddler wins face-off versus Derek Stepan in neutral zone.
12:38 of 1st period - Snap shot by Scott Hartnell.
12:38 of 1st period - Stopped by Thomas Greiss with a rebound.
12:40 of 1st period - Snap shot by Dustin Byfuglien.
12:40 of 1st period - Stopped by Thomas Greiss without a rebound.
12:41 of 1st period - Mikael Backlund wins face-off versus Jonny Brodzinski in Oilers zone.
12:41 of 1st period - Mikael Backlund is hit by Ryan Callahan.
13:09 of 1st period - Slapshot by Dustin Byfuglien.
13:09 of 1st period - Shot Misses the Net.
13:11 of 1st period - Snap shot by Jonny Brodzinski.
13:11 of 1st period - Stopped by Thomas Greiss without a rebound.
13:12 of 1st period - Ryan Johansen wins face-off versus Kris Versteeg in Oilers zone.
13:40 of 1st period - Off-side.
13:41 of 1st period - Austin Watson wins face-off versus Sonny Milano in neutral zone.
13:44 of 1st period - Snap shot by BROCK BOESER.
13:44 of 1st period - Stopped by Thomas Greiss without a rebound.
13:45 of 1st period - Mikael Backlund wins face-off versus Derek Stepan in Oilers zone.
13:45 of 1st period - Mikael Backlund is hit by Kris Russell.
13:50 of 1st period - Off-side.
13:51 of 1st period - Mikael Backlund wins face-off versus Kris Versteeg in neutral zone.
14:28 of 1st period - Snap shot by Ryan Johansen.
14:28 of 1st period - Shot Blocked by Austin Watson.
14:30 of 1st period - Slapshot by Corey Perry.
14:30 of 1st period - Goal by Corey Perry - Oilers : 1 - Whalers : 0.
14:31 of 1st period - Derek Stepan wins face-off versus Ryan Johansen in neutral zone.
14:33 of 1st period - Off-side.
14:34 of 1st period - Kris Versteeg wins face-off versus Ryan Johansen in neutral zone.
15:27 of 1st period - Slapshot by Seth Jones.
15:27 of 1st period - Shot Blocked by Scott Hartnell.
15:29 of 1st period - Snap shot by Mikael Backlund.
15:29 of 1st period - Stopped by Connor Hellebuyck with a rebound.
15:31 of 1st period - Snap shot by Vernon Fiddler.
15:31 of 1st period - Shot Misses the Net.
16:31 of 1st period - BROCK BOESER is hit by Justin Abdelkader and loses puck.
17:13 of 1st period - Wrist shot by BROCK BOESER.
17:13 of 1st period - Stopped by Thomas Greiss with a rebound.
17:19 of 1st period - Backhand shot by BROCK BOESER.
17:19 of 1st period - Stopped by Thomas Greiss without a rebound.
17:20 of 1st period - Ryan Johansen wins face-off versus Austin Watson in Oilers zone.
17:26 of 1st period - Off-side.
17:27 of 1st period - Derek Stepan wins face-off versus Mikael Backlund in neutral zone.
17:43 of 1st period - Wrist shot by Derek Stepan.
17:43 of 1st period - Shot Misses the Net.
17:53 of 1st period - Backhand shot by BROCK BOESER.
17:53 of 1st period - Stopped by Thomas Greiss with a rebound.
18:12 of 1st period - Slapshot by Scott Hartnell.
18:12 of 1st period - Stopped by Thomas Greiss without a rebound.
18:13 of 1st period - Scott Hartnell wins face-off versus Nico Hischier in Oilers zone.
18:47 of 1st period - Snap shot by Jordan Eberle.
18:47 of 1st period - Stopped by Connor Hellebuyck without a rebound.
18:48 of 1st period - Mikael Backlund wins face-off versus Austin Watson in Whalers zone.
18:53 of 1st period - Wrist shot by Jordan Eberle.
18:53 of 1st period - Stopped by Connor Hellebuyck without a rebound.
18:54 of 1st period - Jordan Eberle wins face-off versus Loui Eriksson in Whalers zone.
19:25 of 1st period - Snap shot by Ryan Johansen.
19:25 of 1st period - Shot Misses the Net.
19:27 of 1st period - Wrist shot by Ryan Johansen.
19:27 of 1st period - Stopped by Connor Hellebuyck with a rebound.
19:29 of 1st period - Wrist shot by Ryan Johansen.
19:29 of 1st period - Goal by Ryan Johansen - Oilers : 2 - Whalers : 0.
19:30 of 1st period - Phil Kessel wins face-off versus Justin Abdelkader in neutral zone.
19:56 of 1st period - Dustin Byfuglien is hit by Mikael Backlund and loses puck.
Goals for this period are 2 for Oilers vs 0 for Whalers.
Shots for this period are 8 for Oilers vs 9 for Whalers.

2nd period


0:01 of 2nd period - Ryan Johansen wins face-off versus Derek Stepan in neutral zone.
0:06 of 2nd period - Slapshot by Corey Perry.
0:06 of 2nd period - Stopped by Connor Hellebuyck without a rebound.
0:07 of 2nd period - Derek Stepan wins face-off versus Ryan Johansen in Whalers zone.
0:14 of 2nd period - Snap shot by Phil Kessel.
0:14 of 2nd period - Shot Misses the Net.
0:36 of 2nd period - Snap shot by Ryan Johansen.
0:36 of 2nd period - Stopped by Connor Hellebuyck without a rebound.
0:37 of 2nd period - Phil Kessel wins face-off versus Mikael Backlund in Whalers zone.
0:57 of 2nd period - Snap shot by Mikael Backlund.
0:57 of 2nd period - Stopped by Connor Hellebuyck without a rebound.
0:58 of 2nd period - Ryan Johansen wins face-off versus Jonny Brodzinski in Whalers zone.
1:10 of 2nd period - Minor Penalty to Scott Hartnell for High sticking.
1:11 of 2nd period - Phil Kessel wins face-off versus Ryan Johansen in Whalers zone.
3:10 of 2nd period - Penalty to Scott Hartnell is over, Scott Hartnell is back on ice.
4:40 of 2nd period - Slapshot by Byron Froese.
4:40 of 2nd period - Shot Misses the Net.
4:56 of 2nd period - Slapshot by Brooks Orpik.
4:56 of 2nd period - Shot Misses the Net.
4:58 of 2nd period - Wrist shot by Austin Watson.
4:58 of 2nd period - Stopped by Thomas Greiss without a rebound.
4:59 of 2nd period - Chris Kelly wins face-off versus Austin Watson in Oilers zone.
6:26 of 2nd period - Wrist shot by Jonny Brodzinski.
6:26 of 2nd period - Stopped by Thomas Greiss without a rebound.
6:27 of 2nd period - Mikael Backlund wins face-off versus Derek Stepan in Oilers zone.
6:52 of 2nd period - Wrist shot by Ryan Callahan.
6:52 of 2nd period - Stopped by Thomas Greiss with a rebound.
6:54 of 2nd period - Wrist shot by Ryan Callahan.
6:54 of 2nd period - Shot Misses the Net.
7:12 of 2nd period - Tyler Motte is hit by Lance Bouma and loses puck.
7:32 of 2nd period - Snap shot by Derek Stepan.
7:32 of 2nd period - Stopped by Thomas Greiss with a rebound.
8:22 of 2nd period - Wrist shot by Pierre-Alexandre Parenteau.
8:22 of 2nd period - Shot Blocked by Drake Caggiula.
8:36 of 2nd period - Byron Froese is hit by Corey Perry and loses puck.
9:19 of 2nd period - Slapshot by Phil Kessel.
9:19 of 2nd period - Goal by Phil Kessel - Oilers : 2 - Whalers : 1.
9:20 of 2nd period - Kris Versteeg wins face-off versus Ryan Johansen in neutral zone.
9:43 of 2nd period - Backhand shot by Jonny Brodzinski.
9:43 of 2nd period - Shot Misses the Net.
9:51 of 2nd period - Slapshot by Scott Hartnell.
9:51 of 2nd period - Stopped by Thomas Greiss with a rebound.
9:53 of 2nd period - Snap shot by Scott Hartnell.
9:53 of 2nd period - Stopped by Thomas Greiss with a rebound.
10:09 of 2nd period - Icing by Jaycob Megna.
10:10 of 2nd period - Austin Watson wins face-off versus Mikael Backlund in Whalers zone.
10:23 of 2nd period - Wrist shot by Loui Eriksson.
10:23 of 2nd period - Deflect By BROCK BOESER.
10:23 of 2nd period - Stopped by Thomas Greiss with a rebound.
10:25 of 2nd period - Wrist shot by Ryan Pulock.
10:25 of 2nd period - Shot Misses the Net.
10:27 of 2nd period - Wrist shot by Ryan Pulock.
10:27 of 2nd period - Stopped by Thomas Greiss with a rebound.
10:29 of 2nd period - Wrist shot by Austin Watson.
10:29 of 2nd period - Deflect By Loui Eriksson.
10:29 of 2nd period - Stopped by Thomas Greiss with a rebound.
10:31 of 2nd period - Slapshot by Ryan Pulock.
10:31 of 2nd period - Deflect By Loui Eriksson.
10:31 of 2nd period - Stopped by Thomas Greiss with a rebound.
10:33 of 2nd period - Slapshot by Ryan Pulock.
10:33 of 2nd period - Stopped by Thomas Greiss without a rebound.
10:34 of 2nd period - Derek Stepan wins face-off versus Ryan Johansen in Oilers zone.
10:59 of 2nd period - Mikael Backlund is hit by Dustin Byfuglien.
11:37 of 2nd period - Wrist shot by Ryan Johansen.
11:37 of 2nd period - Stopped by Connor Hellebuyck without a rebound.
11:38 of 2nd period - Lance Bouma wins face-off versus Nico Hischier in Whalers zone.
12:03 of 2nd period - Snap shot by Mikael Backlund.
12:03 of 2nd period - Stopped by Connor Hellebuyck without a rebound.
12:04 of 2nd period - Derek Stepan wins face-off versus Mikael Backlund in Whalers zone.
12:04 of 2nd period - Derek Stepan is hit by Jordan Eberle.
12:09 of 2nd period - Off-side.
12:10 of 2nd period - Derek Stepan wins face-off versus Mikael Backlund in neutral zone.
12:23 of 2nd period - Snap shot by Kris Versteeg.
12:23 of 2nd period - Stopped by Thomas Greiss without a rebound.
12:24 of 2nd period - Ryan Johansen wins face-off versus Derek Stepan in Oilers zone.
12:58 of 2nd period - Slapshot by Aaron Ekblad.
12:58 of 2nd period - Deflect By Mikael Backlund.
12:58 of 2nd period - Shot Misses the Net.
12:58 of 2nd period - Puck is out of play.
12:59 of 2nd period - Mikael Backlund wins face-off versus Derek Stepan in Whalers zone.
13:02 of 2nd period - Wrist shot by Jordan Eberle.
13:02 of 2nd period - Stopped by Connor Hellebuyck with a rebound.
13:12 of 2nd period - Snap shot by Derek Stepan.
13:12 of 2nd period - Stopped by Thomas Greiss with a rebound.
13:14 of 2nd period - Slapshot by Kris Versteeg.
13:14 of 2nd period - Stopped by Thomas Greiss without a rebound.
13:15 of 2nd period - Ryan Johansen wins face-off versus Austin Watson in Oilers zone.
13:17 of 2nd period - Minor Penalty to Ryan Johansen for Tripping.
13:18 of 2nd period - Sonny Milano wins face-off versus Derek Stepan in Oilers zone.
13:54 of 2nd period - Slapshot by Dustin Byfuglien.
13:54 of 2nd period - Shot Blocked by Seth Jones.
15:17 of 2nd period - Penalty to Ryan Johansen is over, Ryan Johansen is back on ice.
15:24 of 2nd period - Icing by Ryan Callahan.
15:25 of 2nd period - Ryan Johansen wins face-off versus Jonny Brodzinski in Whalers zone.
15:32 of 2nd period - Wrist shot by Corey Perry.
15:32 of 2nd period - Shot Misses the Net.
15:34 of 2nd period - Slapshot by Vince Dunn.
15:34 of 2nd period - Stopped by Connor Hellebuyck without a rebound.
15:35 of 2nd period - Ryan Johansen wins face-off versus Jonny Brodzinski in Whalers zone.
15:38 of 2nd period - Slapshot by Corey Perry.
15:38 of 2nd period - Stopped by Connor Hellebuyck without a rebound.
15:39 of 2nd period - Ryan Johansen wins face-off versus Jonny Brodzinski in Whalers zone.
15:40 of 2nd period - Snap shot by Corey Perry.
15:40 of 2nd period - Shot Blocked by Ryan Callahan.
15:42 of 2nd period - Backhand shot by Aaron Ekblad.
15:42 of 2nd period - Stopped by Connor Hellebuyck without a rebound.
15:43 of 2nd period - Ryan Johansen wins face-off versus Ryan Callahan in Whalers zone.
16:20 of 2nd period - Slapshot by Brooks Orpik.
16:20 of 2nd period - Shot Blocked by Vernon Fiddler.
16:22 of 2nd period - Snap shot by Scott Hartnell.
16:22 of 2nd period - Shot Blocked by Mikael Backlund.
16:38 of 2nd period - Wrist shot by Ryan Callahan.
16:38 of 2nd period - Stopped by Thomas Greiss with a rebound.
16:40 of 2nd period - Snap shot by Brooks Orpik.
16:40 of 2nd period - Stopped by Thomas Greiss without a rebound.
16:41 of 2nd period - Ryan Johansen wins face-off versus Derek Stepan in Oilers zone.
16:48 of 2nd period - Backhand shot by Kris Versteeg.
16:48 of 2nd period - Stopped by Thomas Greiss with a rebound.
16:50 of 2nd period - Snap shot by Phil Kessel.
16:50 of 2nd period - Stopped by Thomas Greiss with a rebound.
18:17 of 2nd period - Wrist shot by Pierre-Alexandre Parenteau.
18:17 of 2nd period - Shot Misses the Net.
18:55 of 2nd period - Slapshot by Derek Stepan.
18:55 of 2nd period - Stopped by Thomas Greiss without a rebound.
18:56 of 2nd period - Ryan Johansen wins face-off versus Austin Watson in Oilers zone.
19:07 of 2nd period - Austin Watson is hit by Ryan Johansen and loses puck.
19:22 of 2nd period - Kris Russell is hit by Mikael Backlund and loses puck.
19:35 of 2nd period - Slapshot by Derek Stepan.
19:35 of 2nd period - Stopped by Thomas Greiss without a rebound.
19:36 of 2nd period - Chris Kelly wins face-off versus Jonny Brodzinski in Oilers zone.
19:49 of 2nd period - Wrist shot by Jordan Eberle.
19:49 of 2nd period - Stopped by Connor Hellebuyck without a rebound.
19:50 of 2nd period - Ryan Johansen wins face-off versus Derek Stepan in Whalers zone.
19:51 of 2nd period - Wrist shot by Corey Perry.
19:51 of 2nd period - Stopped by Connor Hellebuyck without a rebound.
19:52 of 2nd period - Derek Stepan wins face-off versus Corey Perry in Whalers zone.
Goals for this period are 0 for Oilers vs 1 for Whalers.
Shots for this period are 11 for Oilers vs 21 for Whalers.

3rd period


0:01 of 3rd period - Derek Stepan wins face-off versus Justin Abdelkader in neutral zone.
0:25 of 3rd period - Kris Russell is hit by Aaron Ekblad and loses puck.
0:32 of 3rd period - Slapshot by Jordan Eberle.
0:32 of 3rd period - Stopped by Connor Hellebuyck with a rebound.
0:54 of 3rd period - Slapshot by Dustin Byfuglien.
0:54 of 3rd period - Shot Misses the Net.
0:59 of 3rd period - Minor Penalty to Sonny Milano for Hooking.
1:00 of 3rd period - Ryan Johansen wins face-off versus Derek Stepan in Oilers zone.
1:06 of 3rd period - Wrist shot by Mikael Backlund.
1:06 of 3rd period - Shot Misses the Net.
1:08 of 3rd period - Wrist shot by Seth Jones.
1:08 of 3rd period - Shot Misses the Net.
1:10 of 3rd period - Slapshot by Aaron Ekblad.
1:10 of 3rd period - Stopped by Connor Hellebuyck without a rebound.
1:11 of 3rd period - Derek Stepan wins face-off versus Ryan Johansen in Whalers zone.
1:19 of 3rd period - Off-side.
1:20 of 3rd period - Ryan Johansen wins face-off versus Derek Stepan in neutral zone.
1:29 of 3rd period - Slapshot by Ryan Johansen.
1:29 of 3rd period - Goal by Ryan Johansen - Oilers : 3 - Whalers : 1.
1:30 of 3rd period - Derek Stepan wins face-off versus Ryan Johansen in neutral zone.
1:34 of 3rd period - Off-side.
1:35 of 3rd period - Ryan Johansen wins face-off versus Derek Stepan in neutral zone.
1:38 of 3rd period - Snap shot by Ryan Johansen.
1:38 of 3rd period - Goal by Ryan Johansen - Oilers : 4 - Whalers : 1.
1:39 of 3rd period - Ryan Johansen wins face-off versus Derek Stepan in neutral zone.
1:46 of 3rd period - Mikael Backlund is hit by Kris Versteeg and loses puck.
2:05 of 3rd period - Loui Eriksson is hit by Seth Jones and loses puck.
2:11 of 3rd period - Off-side.
2:12 of 3rd period - Corey Perry wins face-off versus Derek Stepan in neutral zone.
2:59 of 3rd period - Penalty to Sonny Milano is over, Sonny Milano is back on ice.
3:06 of 3rd period - Wrist shot by Nico Hischier.
3:06 of 3rd period - Shot Misses the Net.
3:13 of 3rd period - Icing by Dustin Byfuglien.
3:14 of 3rd period - Jonny Brodzinski wins face-off versus Mikael Backlund in Whalers zone.
3:14 of 3rd period - Jonny Brodzinski is hit by Seth Jones.
3:22 of 3rd period - Snap shot by BROCK BOESER.
3:22 of 3rd period - Shot Misses the Net.
3:24 of 3rd period - Snap shot by BROCK BOESER.
3:24 of 3rd period - Deflect By Loui Eriksson.
3:24 of 3rd period - Stopped by Thomas Greiss with a rebound.
3:26 of 3rd period - Wrist shot by Kris Russell.
3:26 of 3rd period - Stopped by Thomas Greiss with a rebound.
3:28 of 3rd period - Slapshot by Dustin Byfuglien.
3:28 of 3rd period - Stopped by Thomas Greiss with a rebound.
3:30 of 3rd period - Wrist shot by Loui Eriksson.
3:30 of 3rd period - Stopped by Thomas Greiss without a rebound.
3:31 of 3rd period - Ryan Johansen wins face-off versus Derek Stepan in Oilers zone.
3:31 of 3rd period - Ryan Johansen is hit by Phil Kessel.
3:43 of 3rd period - Snap shot by Ryan Johansen.
3:43 of 3rd period - Shot Misses the Net.
4:10 of 3rd period - Slapshot by Loui Eriksson.
4:10 of 3rd period - Stopped by Thomas Greiss without a rebound.
4:11 of 3rd period - Ryan Johansen wins face-off versus Jonny Brodzinski in Oilers zone.
4:44 of 3rd period - Snap shot by Jordan Eberle.
4:44 of 3rd period - Shot Misses the Net.
5:00 of 3rd period - Slapshot by Ryan Johansen.
5:00 of 3rd period - Stopped by Connor Hellebuyck with a rebound.
5:15 of 3rd period - Dustin Byfuglien is hit by Mikael Backlund.
6:13 of 3rd period - Minor Penalty to Ryan Callahan for Hooking.
6:14 of 3rd period - Ryan Johansen wins face-off versus Phil Kessel in Whalers zone.
6:21 of 3rd period - Slapshot by Ryan Johansen.
6:21 of 3rd period - Shot Blocked by Dustin Byfuglien.
6:23 of 3rd period - Slapshot by Seth Jones.
6:23 of 3rd period - Shot Misses the Net.
6:33 of 3rd period - Jordan Eberle is hit by Dustin Byfuglien and loses puck.
7:12 of 3rd period - Wrist shot by Drake Caggiula.
7:12 of 3rd period - Stopped by Thomas Greiss with a rebound.
7:14 of 3rd period - Snap shot by Drake Caggiula.
7:14 of 3rd period - Stopped by Thomas Greiss without a rebound.
7:15 of 3rd period - Jonny Brodzinski wins face-off versus Mikael Backlund in Oilers zone.
8:13 of 3rd period - Penalty to Ryan Callahan is over, Ryan Callahan is back on ice.
8:34 of 3rd period - Icing by Dustin Byfuglien.
8:35 of 3rd period - Ryan Johansen wins face-off versus Austin Watson in Whalers zone.
8:46 of 3rd period - Wrist shot by Ryan Johansen.
8:46 of 3rd period - Stopped by Connor Hellebuyck with a rebound.
9:54 of 3rd period - Snap shot by Corey Perry.
9:54 of 3rd period - Stopped by Connor Hellebuyck with a rebound.
9:56 of 3rd period - Slapshot by Kyle Quincey.
9:56 of 3rd period - Stopped by Connor Hellebuyck with a rebound.
9:58 of 3rd period - Snap shot by Chris Kelly.
9:58 of 3rd period - Stopped by Connor Hellebuyck with a rebound.
10:00 of 3rd period - Slapshot by Kyle Quincey.
10:00 of 3rd period - Shot Blocked by Dennis Wideman.
10:02 of 3rd period - Slapshot by Justin Abdelkader.
10:02 of 3rd period - Shot Misses the Net.
10:04 of 3rd period - Slapshot by Marco Scandella.
10:04 of 3rd period - Shot Blocked by BROCK BOESER.
10:35 of 3rd period - Wrist shot by Kris Versteeg.
10:35 of 3rd period - Deflect By Phil Kessel.
10:35 of 3rd period - Shot Blocked by Marco Scandella.
10:35 of 3rd period - Puck is out of play.
10:36 of 3rd period - Derek Stepan wins face-off versus Ryan Johansen in Oilers zone.
10:39 of 3rd period - Wrist shot by Derek Stepan.
10:39 of 3rd period - Deflect By Phil Kessel.
10:39 of 3rd period - Shot Misses the Net.
10:39 of 3rd period - Puck is out of play.
10:40 of 3rd period - Derek Stepan wins face-off versus Ryan Johansen in Oilers zone.
11:38 of 3rd period - Corey Perry is hit by Jaycob Megna and loses puck.
12:24 of 3rd period - Wrist shot by Ryan Johansen.
12:24 of 3rd period - Deflect By Corey Perry.
12:24 of 3rd period - Shot Misses the Net.
12:24 of 3rd period - Puck is out of play.
12:25 of 3rd period - Pierre-Alexandre Parenteau wins face-off versus Derek Stepan in Whalers zone.
12:26 of 3rd period - Wrist shot by Mikael Backlund.
12:26 of 3rd period - Shot Blocked by Kris Russell.
12:36 of 3rd period - Snap shot by Jordan Eberle.
12:36 of 3rd period - Shot Misses the Net.
12:38 of 3rd period - Wrist shot by Mikael Backlund.
12:38 of 3rd period - Stopped by Connor Hellebuyck with a rebound.
12:40 of 3rd period - Slapshot by Kyle Quincey.
12:40 of 3rd period - Stopped by Connor Hellebuyck with a rebound.
13:08 of 3rd period - Icing by Kris Russell.
13:09 of 3rd period - Vernon Fiddler wins face-off versus Jonny Brodzinski in Whalers zone.
13:10 of 3rd period - Slapshot by Marco Scandella.
13:10 of 3rd period - Shot Blocked by Kris Russell.
13:36 of 3rd period - Slapshot by Vernon Fiddler.
13:36 of 3rd period - Stopped by Connor Hellebuyck without a rebound.
13:37 of 3rd period - Phil Kessel wins face-off versus Mikael Backlund in Whalers zone.
14:02 of 3rd period - Jordan Eberle is hit by Brooks Orpik and loses puck.
14:19 of 3rd period - Wrist shot by Mikael Backlund.
14:19 of 3rd period - Stopped by Connor Hellebuyck with a rebound.
14:21 of 3rd period - Slapshot by Kyle Quincey.
14:21 of 3rd period - Deflect By Jordan Eberle.
14:21 of 3rd period - Stopped by Connor Hellebuyck with a rebound.
14:23 of 3rd period - Slapshot by Marco Scandella.
14:23 of 3rd period - Stopped by Connor Hellebuyck with a rebound.
14:25 of 3rd period - Wrist shot by Jordan Eberle.
14:25 of 3rd period - Shot Misses the Net.
14:27 of 3rd period - Snap shot by Jordan Eberle.
14:27 of 3rd period - Shot Blocked by Dennis Wideman.
14:29 of 3rd period - Wrist shot by Pierre-Alexandre Parenteau.
14:29 of 3rd period - Stopped by Connor Hellebuyck with a rebound.
14:31 of 3rd period - Wrist shot by Jordan Eberle.
14:31 of 3rd period - Goal by Jordan Eberle - Oilers : 5 - Whalers : 1.
14:32 of 3rd period - Ryan Johansen wins face-off versus Derek Stepan in neutral zone.
14:36 of 3rd period - Off-side.
14:37 of 3rd period - Ryan Johansen wins face-off versus Phil Kessel in neutral zone.
16:28 of 3rd period - Jordan Eberle is hit by Jaycob Megna and loses puck.
16:37 of 3rd period - Slapshot by Dustin Byfuglien.
16:37 of 3rd period - Stopped by Thomas Greiss without a rebound.
16:38 of 3rd period - Kris Versteeg wins face-off versus Justin Abdelkader in Oilers zone.
17:01 of 3rd period - Wrist shot by Loui Eriksson.
17:01 of 3rd period - Shot Misses the Net.
17:33 of 3rd period - Snap shot by BROCK BOESER.
17:33 of 3rd period - Shot Misses the Net.
18:41 of 3rd period - Brooks Orpik is hit by Mikael Backlund and loses puck.
19:41 of 3rd period - Tyler Motte is hit by Austin Watson and loses puck.
Goals for this period are 3 for Oilers vs 0 for Whalers.
Shots for this period are 17 for Oilers vs 8 for Whalers.